 Dungeon Crawl Stone Soup version 0.24.0-123-gd5b16e6ec5 (webtiles) character file.

Game seed: 12423565216283656106, levelgen mode: deterministic

942 Kobolds4U the Destroyer (level 7, 0/38 HPs)
             Began as a Deep Elf Conjurer on Dec 21, 2019.
             Was an Initiate of Dithmenos.
             Killed from afar by Blork the orc (1 damage)
             ... with a magic dart
             ... on level 5 of the Dungeon.
             The game lasted 00:12:46 (4721 turns).

Kobolds4U the Destroyer (Deep Elf Conjurer)         Turns: 4721, Time: 00:12:47

Health: 0/38       AC:  3    Str:  6    XL:     7   Next: 88%
Magic:  9/15       EV: 17    Int: 21    God:    Dithmenos [......]
Gold:   109        SH:  4    Dex: 15    Spells: 4/14 levels left

rFire    + . .     SeeInvis .   j - +1 dagger (venom)
rCold    . . .     Gourm    .   (no shield)
rNeg     . . .     Faith    .   w - +0 robe {rF+}
rPois    .         Spirit   .   (no helmet)
rElec    .         Reflect  +   (no cloak)
rCorr    .         Harm     .   f - +0 pair of gloves
MR       .....                  (no boots)
Stlth    ++........             m - +4 amulet of reflection
HPRegen  0.12/turn              A - +4 ring of evasion
MPRegen  0.14/turn              (no ring)

@: about to teleport
A: no striking features
a: Renounce Religion


You were on level 5 of the Dungeon.
You worshipped Dithmenos.
Dithmenos was noncommittal.
You were hungry.

You visited 1 branch of the dungeon, and saw 5 of its levels.

You collected 211 gold pieces.
You spent 102 gold pieces at shops.

Inventory:

Hand Weapons
 j - a +1 dagger of venom (weapon)
Missiles
 t - 9 boomerangs (quivered)
Armour
 a - a +0 robe
 f - a +0 pair of gloves (worn)
 v - a +0 robe of cold resistance
 w - a +0 robe of fire resistance (worn)
Jewellery
 m - a +4 amulet of reflection (around neck)
 A - a +4 ring of evasion (left hand)
Wands
 b - a wand of iceblast (3)
Scrolls
 g - a scroll of teleportation
 h - 2 scrolls of noise {unknown}
 i - a scroll of amnesia {unknown}
 k - a scroll of fear {unknown}
 n - a scroll of enchant weapon {unknown}
 p - 5 scrolls of identify {unknown}
 s - a scroll of remove curse {unknown}
 x - a scroll of magic mapping {unknown}
 y - a scroll of random uselessness {unknown}
Potions
 d - a potion of ambrosia {unknown}
 e - a potion of resistance {unknown}
 l - a potion of might {unknown}
 o - a potion of flight {unknown}
 q - 2 potions of curing {unknown}
 r - a potion of brilliance {unknown}
 u - a potion of magic {unknown}
Comestibles
 c - 5 rations


   Skills:
 * Level 1.5 Fighting
 - Level 2.4 Dodging
 * Level 3.5 Stealth
 + Level 4.3 Spellcasting
 - Level 10.0 Conjurations


You had 4 spell levels left.
You knew the following spells:

 Your Spells              Type           Power        Failure   Level  Hunger
a - Magic Dart            Conj           ####         1%          1    None
b - Searing Ray           Conj           #####.       1%          2    #......
c - Dazzling Spray        Conj/Hex       ####..       4%          3    ##.....
d - Force Lance           Conj/Tloc      ####....     16%         4    ####...

Your spell library contained the following spells:

 Spells                   Type           Power        Failure   Level  Hunger
 Iskenderun's Mystic Bla  Conj           #####...     1%          4    ####...
 Fulminant Prism          Conj/Hex       ####......   16%         4    ####...


Dungeon Overview and Level Annotations

Branches:
Dungeon (5/15)
 Temple: D:4-7

Altars:
Dithmenos
Nemelex Xobeh
Vehumet

Shops:
D:4 =

Annotations:
D:5 Blork the orc, Ijyb, Prince Ribbit


Message History

Prince Ribbit closely misses you.
Blork the orc screams, "I'll cover the dungeon with your blood!"
You hit Prince Ribbit.
Prince Ribbit is heavily wounded.
Prince Ribbit hits you!
Blork the orc sings a few bars from the Orcish anthem.
You block Prince Ribbit's attack. Prince Ribbit completely misses you.
Prince Ribbit is no longer blind.
Prince Ribbit says, "You're just another fly to me."
Prince Ribbit hits you!
* * * LOW HITPOINT WARNING * * *
Prince Ribbit blinks!
As you read the scroll of teleportation, it crumbles to dust.
You feel strangely unstable.
Ijyb zaps a wand.
The puff of flame hits you. You resist.
* * * LOW HITPOINT WARNING * * *
Blork the orc points at you and mumbles some strange words.
The magic dart hits you.
You die...

.......#<..# . .......
.......##..# .......
...........### .......
......###....# .......
...... #....# .......
#....# .......
#....##### ######. ..
#[###....# #. #.. #@#
#....##### #.
#...#.###....#...####.
#...#g..#....#........
###...#F.......#........
......#.o......#........
...............#........
.....#.........#.[......
.... #.........#........
### #..###.............


You could see Prince Ribbit, Blork the orc and Ijyb.

Vanquished Creatures
  Sigmund (D:4)
  Edmund (D:4)
  A sky beast (D:5)
  An ice beast (D:5)
  3 scorpions (D:4)
  A crimson imp (D:5)
  An orc priest (D:4)
  2 orc wizards (D:4)
  2 worker ants (D:4)
  3 adders
  2 oozes
  3 worms
  5 dart slugs
  A leopard gecko (D:1)
  25 orcs
  2 giant cockroaches (D:1)
  6 hobgoblins
  17 jackals
  2 ball pythons
  9 bats
  5 frilled lizards
  A giant cockroach zombie (D:5)
  9 goblins
  4 kobolds
  A quokka skeleton (D:4)
  6 rats
114 creatures vanquished.

Notes
Turn   | Place    | Note
-------+----------+-------------------------------------------
     0 | D:1      | Kobolds4U the Deep Elf Conjurer began the quest for the
                  | Orb.
     0 | D:1      | Reached XP level 1. HP: 10/10 MP: 6/6
   197 | D:1      | Reached XP level 2. HP: 15/15 MP: 4/8
   201 | D:1      | Learned a level 2 spell: Searing Ray
   242 | D:1      | Reached skill level 5 in Conjurations
   608 | D:1      | Reached XP level 3. HP: 19/19 MP: 5/9
   613 | D:1      | Learned a level 3 spell: Dazzling Spray
  1221 | D:2      | Reached skill level 6 in Conjurations
  1390 | D:2      | Found a sparkling altar of Nemelex Xobeh.
  1517 | D:3      | Found a faded altar of an unknown god.
  1635 | D:3      | Reached XP level 4. HP: 24/24 MP: 8/10
  2318 | D:4      | Reached skill level 7 in Conjurations
  2318 | D:4      | Reached XP level 5. HP: 28/28 MP: 5/11
  2342 | D:4      | Learned a level 4 spell: Force Lance
  2519 | D:4      | Found Poyphu Ezon's Jewellery Emporium.
  2527 | D:4      | Bought a cursed -6 ring of strength for 24 gold pieces
  2527 | D:4      | Bought a cursed -3 ring of protection for 24 gold pieces
  2527 | D:4      | Bought a cursed ring of attention for 54 gold pieces
  2818 | D:4      | Reached skill level 8 in Conjurations
  2818 | D:4      | Reached XP level 6. HP: 21/32 MP: 4/12
  3442 | D:4      | Found a radiant altar of Vehumet.
  3442 | D:4      | Noticed Sigmund
  3443 | D:4      | Found a shadowy altar of Dithmenos.
  3443 | D:4      | Noticed Edmund
  3456 | D:4      | Killed Edmund
  3456 | D:4      | Reached skill level 9 in Conjurations
  3456 | D:4      | Reached XP level 7. HP: 24/36 MP: 1/13
  3662 | D:4      | Killed Sigmund
  3767 | D:4      | Became a worshipper of Dithmenos the Shadowed
  4204 | D:5      | Entered Level 5 of the Dungeon
  4383 | D:5      | Reached skill level 10 in Conjurations
  4495 | D:5      | Reached skill level 1 in Fighting
  4700 | D:5      | Noticed Ijyb
  4701 | D:5      | Noticed Prince Ribbit
  4708 | D:5      | Noticed Blork the orc
  4721 | D:5      | HP: 1/38 [Ijyb/puff of flame (5)]
  4721 | D:5      | Killed from afar by Blork the orc

Levels and vault maps discovered:
D:1:      dpeg_arrival_pond, layout_basic, kennysheep_boxes
D:2:      layout_loops_ring, kennysheep_crisscross, nemelex_diamond_rough_becter
D:3:      layout_basic, chequers_ecumenical_altar_simple
D:4:      layout_loops_ring, gammafunk_temple_overflow_pools, serial_shops,
          shop, kennysheep_another_room, uniq_sigmund, uniq_edmund
D:5:      layout_basic, first_ration, minmay_misc_feat_encased,
          nicolae_underground_beach, uniq_ijyb, uniq_blork_the_orc,
          uniq_prince_ribbit1

Skill      XL: |  1  2  3  4  5  6  7 |
---------------+----------------------+-----
Conjurations   | 5 6 7 8 9 10 | 10.0
Fighting       | 1 |  1.5
Stealth        | 3 |  3.5
Spellcasting   | 4 |  4.3
Dodging        | |  2.4

Action                   |  1- 3 |  4- 6 |  7- 9 || total
-------------------------+-------+-------+-------++-------
Melee: Dagger            |     5 |    23 |    19 ||    47
       Short sword       |     1 |       |       ||     1
 Cast: Magic Dart        |    57 |    31 |    15 ||   103
       Searing Ray       |     4 |    22 |     6 ||    32
       Dazzling Spray    |       |       |     8 ||     8
       Force Lance       |       |       |     2 ||     2
  Use: Scroll            |       |       |     2 ||     2
 Stab: Sleeping          |     3 |     1 |       ||     4
       Invisible         |       |       |     1 ||     1
  Eat: Chunk             |     2 |     6 |     5 ||    13
Armor: Robe              |     1 |     7 |     2 ||    10
Dodge: Dodged            |    13 |    38 |    28 ||    79
Block: Other             |       |     4 |     4 ||     8
